AoeStats
← Mordring

Arabia

510475019Analyzed
1v1 RM · 2d ago on Oct 1, 2026· 39m 51s· 2 players
Game mode
Random Map
Map size
Tiny (2 player)
Population
200
Speed
Normal
Resources
Standard
Victory
Conquest
Starting age
Dark Age
Ending age
Imperial Age
RankedLock teamsTeams togetherTeam positionsShared explorationLock speedFull tech treeHidden civsTurbo modeCheats
Victory
Defeat
🇦🇺 Maya · Australia
1193
+14
🇨🇿 Saxons · Czechia
1149
-14
Mordring
10:31 Feudal Age
8:46 Loom
12:04 Double-Bit Axe
12:48 Horse Collar
17:00 Fletching
20:58 Castle Age
19:28 Padded Archer Armor
19:23 Gold Mining
21:15 Crossbowman
22:01 Thumb Ring
21:53 Bodkin Arrow
25:25 Wheelbarrow
26:41 Ballistics
29:09 Leather Archer Armor
31:01 Hand Cart
35:09 Imperial Age
35:33 Imperial Age
34:09 Forging
33:22 Eagle Warrior
34:03 Squires
33:48 Arson
34:31 Town Watch
35:47 Elite Eagle Warrior
37:06 Scale Mail Armor
37:42 Iron Casting
38:03 Chain Mail Armor
38:22 Murder Holes
38:45 Bracer
39:36 Conscription
41:06 Blast Furnace
40:21 Heavy Plow
40:36 Bow Saw
Kulishaak
1:22 Loom
1:54 Loom
9:43 Feudal Age
10:15 Double-Bit Axe
12:13 Man-at-Arms
14:22 Scale Mail Armor
15:45 Fletching
17:07 Forging
17:28 Fletching
18:27 Padded Archer Armor
21:24 Arson
25:29 Castle Age
24:32 Gold Mining
24:27 Horse Collar
25:39 Elite Skirmisher
26:23 Bodkin Arrow
30:45 Long Swordsman
31:27 Squires
33:10 Gambesons
35:25 Wheelbarrow
Connection lost

Rejoining the realm…

Still unreachable

The connection could not be restored.

Session expired

The server has moved on; the page needs a fresh start.